 Dungeon Crawl Stone Soup version 0.30-a0-540-g0af01429fa (webtiles) character file.

Game seed: 13769799500014129956

23351 greenreed the Fighter (level 12, -22/116 HPs)
             Began as a Minotaur Fighter on Dec 26, 2022.
             Was a Priest of Nemelex Xobeh.
             Annihilated by a death yak simulacrum (39 damage)
             ... in an ice cave.
             The game lasted 00:21:47 (12769 turns).

greenreed the Fighter (Minotaur Fighter)           Turns: 12769, Time: 00:21:48

Health: -22/116    AC: 21    Str: 26    XL:     12   Next: 71%
Magic:  16/16      EV:  9    Int:  8    God:    Nemelex Xobeh [***...]
Gold:   660        SH:  6    Dex: 16    Spells: 11/11 levels left

rFire   . . .      SeeInvis .    n - +8 hand axe of Luxury {vorpal, Will+ rCorr}
rCold   . . .      Faith    .    c - +0 buckler
rNeg    . . .      Spirit   .    L - +0 plate armour
rPois   .          Reflect  .    F - +0 hat {Int+3}
rElec   .          Harm     .    (no cloak)
rCorr   +          Rampage  .    (no gloves)
Will    +....                    J - +0 pair of boots Stlth
                                 (no amulet)
HPRegen 0.39/turn                z - +4 ring of protection
MPRegen 0.15/turn                w - +6 ring of dexterity

@: no status effects
A: horns 2, retaliatory headbutt
a: Renounce Religion, Draw Escape, Draw Destruction, Draw Summoning, Triple Draw


You were in an ice cave.
You worshipped Nemelex Xobeh.
Nemelex Xobeh was most pleased with you.
You visited 2 branches of the dungeon, and saw 14 of its levels.
You also visited: Ice Cave.

You collected 814 gold pieces.
You spent 154 gold pieces at shops.

Inventory:

Hand Weapons
 a - a +0 flail
 n - the +8 hand axe of Luxury (weapon) {vorpal, Will+ rCorr}
   (You found it on level 2 of the Dungeon)

   It inflicts extra damage upon your enemies.
   rCorr:     It protects you from acid and corrosion.
   Will:      It increases your willpower.
 K - the +8 hand axe "Madufolo" {freeze, *Noise Will++ Int+2}
   (You found it on level 10 of the Dungeon)

   It freezes those it strikes, dealing additional cold damage.
   It can also slow down cold-blooded creatures.
   Int:       It affects your intelligence (+2).
   *Noise:    It may make noises in combat.
   Will:      It greatly increases your willpower.
Missiles
 E - a curare-tipped dart (quivered)
Armour
 b - a +0 scale mail
 c - a +0 buckler (worn)
 F - a +0 hat of intelligence (worn)
 J - a +0 pair of boots (worn)
 L - a +0 plate armour (worn)
Jewellery
 w - a +6 ring of dexterity (right hand)
 z - a +4 ring of protection (left hand)
 M - the ring "Puamm" {rElec rF+ rC- Int+6 Dex+5}
   (You found it on level 11 of the Dungeon)

   [ring of intelligence]

   Int:       It affects your intelligence (+6).
   Dex:       It affects your dexterity (+5).
   rF:        It protects you from fire.
   rC:        It makes you vulnerable to cold.
   rElec:     It insulates you from electricity.
 P - a +6 ring of dexterity
Wands
 v - a wand of flame (25)
 D - a wand of roots (18)
 H - a wand of digging (6)
 N - a wand of mindburst (3)
 Q - a wand of charming (4)
Scrolls
 j - 8 scrolls of teleportation
 m - 3 scrolls of magic mapping
 o - a scroll of summoning
 q - 3 scrolls of enchant weapon
 r - 2 scrolls of fog
 s - 3 scrolls of immolation
 t - 2 scrolls of blinking
 u - 2 scrolls of poison
 x - a scroll of silence
 y - 2 scrolls of vulnerability
 B - 4 scrolls of amnesia
 I - 4 scrolls of identify
Potions
 d - 3 potions of might
 e - a potion of cancellation {unknown}
 f - 2 potions of mutation
 g - 3 potions of brilliance
 h - 2 potions of berserk rage {unknown}
 i - 7 potions of lignification
 k - a potion of invisibility
 l - 3 potions of flight
 p - 3 potions of curing
 A - a potion of haste
 C - 3 potions of attraction {unknown}
 G - a potion of heal wounds {unknown}
 O - a potion of resistance {unknown}


   Skills:
 * Level 13.8 Fighting
 - Level 13.7(14.0) Axes
 + Level 4.0(9.8) Maces & Flails
 + Level 12.4 Armour
 + Level 4.1 Dodging
 + Level 1.7 Stealth
 + Level 7.4 Shields
 * Level 7.2 Invocations


You had 11 spell levels left.
You didn't know any spells.
Your spell library contained the following spells:

 Spells                   Type           Power      Damage    Failure   Level
 Blink                    Tloc           0%         N/A       100%        2
 Cigotuvi's Dreadful Rot  Necr/Pois/Air  0%         N/A       100%        2
 Ensorcelled Hibernation  Hex/Ice        0%         N/A       100%        2
 Passwall                 Tmut/Erth      0%         N/A       100%        2
 Poisonous Vapours        Pois/Air       0%         N/A       100%        2
 Scorch                   Fire           0%         2d5       100%        2
 Frozen Ramparts          Ice            0%         1d1       100%        3
 Hailstorm                Conj/Ice       0%         3d3       100%        3
 Ignite Poison            Fire/Tmut/Pois 0%         N/A       100%        3
 Mephitic Cloud           Conj/Pois/Air  0%         N/A       100%        3
 Swiftness                Air            0%         N/A       100%        3
 Cause Fear               Hex            0%         N/A       100%        4
 Flame Wave               Conj/Fire      0%         2d4       100%        4
 Ice Form                 Ice/Tmut       0%         N/A       100%        4
 Manifold Assault         Tloc           0%         N/A       100%        4
 Sticky Flame             Conj/Fire      0%         2d3       100%        4
 Summon Ice Beast         Ice/Summ       0%         N/A       100%        4
 Summon Forest            Summ/Tloc      0%         N/A       100%        5
 Eringya's Noxious Bog    Tmut/Pois      0%         N/A       100%        6
 Simulacrum               Ice/Necr       0%         N/A       100%        6
 Summon Cactus Giant      Summ           0%         N/A       100%        6
 Dragon Form              Tmut           0%         N/A       100%        7
 Storm Form               Tmut/Air       0%         N/A       100%        7
 Summon Hydra             Summ           0%         N/A       100%        7
 Ignition                 Fire           0%         3d3       100%        8
 Dragon's Call            Summ           0%         N/A       100%        9


Dungeon Overview and Level Annotations

Branches:
Dungeon (13/15)            Temple (1/1) D:7            Lair (0/5) D:8
    Orc (0/2) D:11          IceCv (1/1)
 Vaults: D:13-14

Altars:
Ashenzari
Cheibriados
Dithmenos
Elyvilon
Fedhas
Gozag
Hepliaklqana
Kikubaaqudgha
Makhleb
Nemelex Xobeh
Okawaru
Qazlal
Ru
Sif Muna
Trog
Uskayaw
Vehumet
Wu Jian
Xom
Yredelemnul
Zin
The Shining One

Shops:
D:8 ?

Annotations:
D:1 1 transporter IceCv exclusion: 2 ice statues


Innate Abilities, Weirdness & Mutations

You have a pair of horns on your head.
You reflexively headbutt those who attack you in melee.


Message History

You slash the freezing wraith!
The freezing wraith is heavily damaged.
You slash the freezing wraith!
The freezing wraith is severely damaged.
The freezing wraith misses you. The freezing wraith hits you.
* * * LOW HITPOINT WARNING * * *
You hit the freezing wraith.
The freezing wraith is almost destroyed.
You slash the freezing wraith!
You destroy the freezing wraith!
The +8 hand axe "Madufolo" {freeze, *Noise Will++ Int+2} stops glowing.
n - the +8 hand axe of Luxury (weapon)
{vorpal, Will+ rCorr}
Okay, then.
It was a potion of curing.
You feel better.
You are too injured to fight recklessly!
You slash the elephant simulacrum!
The elephant simulacrum is moderately damaged.
The elephant simulacrum tramples you but does no damage.
You block the elephant simulacrum's attack.
You hit the elephant simulacrum but do no damage.
You headbutt the elephant simulacrum, but do no damage.
The elephant simulacrum is moderately damaged.
You hit the death yak simulacrum. You slash the elephant simulacrum!
The elephant simulacrum is severely damaged.
You hit the death yak simulacrum.
The elephant simulacrum tramples you but does no damage.
You block the elephant simulacrum's attack.
You block the death yak simulacrum's attack.
You slash the elephant simulacrum!
The elephant simulacrum vaporises!
You hit the death yak simulacrum but do no damage.
You hit the death yak simulacrum.
You headbutt the death yak simulacrum, but do no damage.
The death yak simulacrum is moderately damaged.
The death yak simulacrum gores you!
* * * LOW HITPOINT WARNING * * *
The death yak simulacrum freezes you!!!
You die...
Your body glows with a rainbow of weird colours and disappears.

############# #######
##....8#)!?..## ##.....#
#......#).....###......#
.....°.#.......#.......#
......°...........∩..∩.#
.....○○#○Z.....#.......#
#.....Z#@.....###......#
##8....#[....## ##.....#
############# #######


You could see a death yak simulacrum.

Vanquished Creatures
  Azrael (D:13)
  2 yaktaur captains (D:11)
  2 hydras
  Fannar (D:11)
  2 boulder beetles
  A two-headed ogre (D:11)
  Nergalle (D:11)
  An orb spider (shapeshifter) (D:11)
  A harpy (shapeshifter) (D:11)
  An orc knight (D:11)
  2 cyclopes (D:11)
  A manticore (D:11)
  An elephant (D:8)
  A gargoyle (D:11)
  2 unseen horrors (D:12)
  2 kobold demonologists
  A freezing wraith (IceCv)
  4 trolls (D:11)
  A hornet (D:11)
  3 shadows
  2 vampires (D:11)
  4 wraiths
  13 yaks
  4 wyverns
  A fire elemental (D:13)
  4 steam dragons
  A basilisk (D:8)
  A death yak simulacrum (IceCv)
  16 vampire mosquitoes
  A swamp worm (D:11)
  A harpy simulacrum (IceCv)
  Menkaure (D:7)
  A warg (D:11)
  3 acid dragons
  A water moccasin (D:6)
  3 hell hounds (D:13)
  2 sky beasts (D:6)
  A swamp drake (D:11)
  An ice beast (D:8)
  6 orc warriors
  A black bear (D:8)
  2 ogres (D:11)
  5 centaurs
  2 kobold brigands
  A phantom (D:6)
  A bullfrog (D:7)
  5 scorpions
  3 necrophages
  4 wights (D:7)
  2 elephant simulacra (IceCv)
  5 howler monkeys
  A jelly (D:4)
  2 gnoll boudas
  3 orc priests
  4 hounds
  2 iguanas (D:5)
  2 polar bear simulacra (IceCv)
  16 orc wizards
  A wolf simulacrum (IceCv)
  A mummy (D:6)
  3 adders
  11 gnolls
  2 shadow imps
  A white imp (D:5)
  3 dart slugs
  A worm (D:7)
  49 orcs
  7 endoplasms
  3 giant cockroaches
  5 hobgoblins
  18 kobolds
  4 quokkas
  9 ball pythons
  A bat (D:2)
  4 frilled lizards
  6 goblins
  2 hobgoblin zombies (D:6)
  A kobold zombie (D:6)
  An orc zombie (D:6)
  10 rats
  A spectral goblin (D:1)
303 creatures vanquished.

Notes
Turn   | Place    | Note
-------+----------+-------------------------------------------
     0 | D:1      | greenreed the Minotaur Fighter began the quest for the Orb.
     0 | D:1      | Reached XP level 1. HP: 19/19 MP: 0/0
   163 | D:1      | Reached XP level 2. HP: 24/27 MP: 1/1
   220 | D:1      | Found a faded altar of an unknown god.
   826 | D:2      | Reached XP level 3. HP: 34/34 MP: 2/2
  1144 | D:2      | Identified the +8 hand axe of Luxury {vorpal, Will+ rCorr}
  1579 | D:3      | Identified the +0 leather armour of Tulips {rF+ Dex+3}
  1587 | D:3      | Reached XP level 4. HP: 41/41 MP: 3/3
  1630 | D:3      | Found a glowing silver altar of Zin.
  1714 | D:3      | Reached skill level 1 in Axes
  1869 | D:3      | Found an ancient bone altar of Kikubaaqudgha.
  2375 | D:4      | Reached XP level 5. HP: 46/47 MP: 4/4
  2454 | D:4      | Reached skill level 5 in Fighting
  2554 | D:4      | Reached XP level 6. HP: 24/56 MP: 5/5
  2949 | D:5      | Entered Level 5 of the Dungeon
  2969 | D:5      | Reached skill level 5 in Armour
  3042 | D:5      | Reached skill level 5 in Axes
  3110 | D:5      | Found a shimmering altar of Xom.
  3121 | D:5      | Reached skill level 1 in Dodging
  3121 | D:5      | Reached XP level 7. HP: 45/61 MP: 6/6
  3272 | D:5      | Found a broken altar of Ashenzari.
  3279 | D:5      | Reached skill level 1 in Stealth
  3279 | D:5      | Found a sparkling altar of Nemelex Xobeh.
  3321 | D:5      | Became a worshipper of Nemelex Xobeh the Trickster
  3667 | D:6      | Found a white marble altar of Elyvilon.
  3755 | D:6      | Reached XP level 8. HP: 64/70 MP: 7/7
  4362 | D:7      | Found a staircase to the Ecumenical Temple.
  4417 | Temple   | Entered the Ecumenical Temple
  4800 | D:7      | Reached * piety under Nemelex Xobeh
  4818 | D:7      | Reached skill level 10 in Axes
  4818 | D:7      | Reached XP level 9. HP: 69/78 MP: 8/8
  4977 | D:7      | Received a gift from Nemelex Xobeh
  5107 | D:7      | Noticed Menkaure
  5111 | D:7      | Killed Menkaure
  5112 | D:7      | Reached skill level 1 in Invocations
  5260 | D:7      | Noticed a moth of wrath
  5263 | D:7      | Found a bloodstained altar of Trog.
  5483 | D:8      | Noticed an elephant
  5484 | D:8      | Found a staircase to the Lair.
  5504 | D:8      | Killed an elephant
  5637 | D:8      | Found a stormy altar of Qazlal.
  5756 | D:8      | Reached ** piety under Nemelex Xobeh
  5915 | D:8      | Found a shadowy altar of Dithmenos.
  5956 | D:8      | Found Hehaeh's Magic Scroll Shoppe.
  5965 | D:8      | Reached skill level 5 in Shields
  5967 | D:8      | Bought 3 scrolls of identify for 84 gold pieces
  5967 | D:8      | Bought a scroll of identify for 28 gold pieces
  5967 | D:8      | Bought a scroll of noise for 14 gold pieces
  5967 | D:8      | Bought a scroll of identify for 28 gold pieces
  7095 | D:9      | Reached XP level 10. HP: 90/90 MP: 11/11
  7648 | D:10     | Entered Level 10 of the Dungeon
  7825 | D:10     | Identified the +8 hand axe "Madufolo" {freeze, *Noise
                  | Will++ Int+2}
  8449 | D:10     | Reached *** piety under Nemelex Xobeh
  8449 | D:10     | Received a gift from Nemelex Xobeh
  8509 | D:11     | Noticed a two-headed ogre
  8510 | D:11     | a two-headed ogre changed into a swamp worm
  8637 | D:11     | Noticed a manticore
  8655 | D:11     | Killed a manticore
  9042 | D:11     | Reached XP level 11. HP: 99/99 MP: 13/13
  9042 | D:11     | Noticed a harpy
  9050 | D:11     | Killed a harpy
  9058 | D:11     | Reached skill level 10 in Fighting
  9146 | D:11     | Noticed a yaktaur captain
  9158 | D:11     | Killed a yaktaur captain
  9159 | D:11     | Reached skill level 5 in Invocations
  9238 | D:11     | Noticed a lindwurm
  9250 | D:11     | a snapping turtle changed into a mana viper
  9250 | D:11     | Noticed a mana viper (glowing shapeshifter)
  9253 | D:11     | a mana viper changed into an orb spider
  9253 | D:11     | Noticed an orb spider (glowing shapeshifter)
  9255 | D:11     | Killed an orb spider
  9318 | D:11     | Identified the ring "Puamm" {rElec rF+ rC- Int+6 Dex+5}
  9320 | D:11     | Identified the +7 sling "Beast's Demise" {speed, *Corrode
                  | rC++ Int-5 Dex+5}
  9322 | D:11     | Identified the +1 helmet of Lehuosab {rElec rC++ Str-5
                  | Dex-2}
  9323 | D:11     | Identified the +3 demon trident "Xiobrova" {venom, Str+5}
  9337 | D:11     | Noticed a two-headed ogre
  9342 | D:11     | Killed a two-headed ogre
  9428 | D:11     | Noticed Fannar
  9456 | D:11     | Killed Fannar
  9457 | D:11     | Reached skill level 10 in Armour
  9762 | D:11     | Received a gift from Nemelex Xobeh
  9762 | D:11     | Noticed a yaktaur captain
  9781 | D:11     | Killed a yaktaur captain
  9904 | D:11     | Noticed an orc knight
  9915 | D:11     | Killed an orc knight
 10220 | D:11     | Noticed a boulder beetle
 10243 | D:11     | Killed a boulder beetle
 10244 | D:11     | Reached XP level 12. HP: 64/111 MP: 15/15
 10497 | D:11     | Noticed a four-headed hydra
 10507 | D:11     | Killed a nine-headed hydra
 10676 | D:11     | Found a burning altar of Makhleb.
 10678 | D:11     | Received a gift from Nemelex Xobeh
 10683 | D:11     | Identified the +1 whip "Remaan" {vorpal, rCorr Stlth+}
 10789 | D:11     | Noticed Nergalle
 10790 | D:11     | Found a staircase to the Orcish Mines.
 10802 | D:11     | Killed Nergalle
 11842 | D:12     | Noticed a boulder beetle
 11854 | D:12     | Killed a boulder beetle
 12152 | D:13     | Noticed a seven-headed hydra
 12162 | D:13     | Killed a seven-headed hydra
 12280 | D:13     | Noticed Azrael
 12307 | D:13     | Killed Azrael
 12571 | D:13     | Found a frozen archway.
 12574 | D:13     | Noticed a tengu warrior
 12574 | D:13     | Noticed a tengu warrior
 12575 | D:13     | Noticed a centaur warrior
 12579 | IceCv    | Entered an ice cave
 12769 | IceCv    | Annihilated by a death yak simulacrum

Illustrated notes

Levels and vault maps discovered:
D:1:      spicycebolla_arrival_transporter_tutorial, layout_loops_ring,
          dreamdust_ecumenical_altar_drowned_temple, minivault_14
D:2:      minmay_chambers_of_ones, layout_basic, minmay_pentomino_u4
D:3:      layout_loops_ring, mainiacjoe_overflow_paths, zin_treasury
D:4:      layout_gridville
D:5:      layout_rooms, jmf_multi_god_temple, xom_teletrap_fun,
          grunt_decor_arrowhead, hangedman_decor_slide_cut
D:6:      layout_gridville, elyvilon_altar_4, dk_noncrumbling_3,
          minmay_mini_ossuary
D:7:      layout_basic, tgw_trog, minmay_temple_entry_large_hall, uniq_menkaure
D:8:      layout_basic, nicolae_dithmenos_through_a_glass_darkly,
          grunt_qazlal_sundering, david_lair_generic, serial_shops,
          nicolae_shop_hallway_plus, chequers_serial_rivers_micro_b
D:9:      layout_basic
D:10:     layout_gridville
D:11:     minmay_the_grid_3x3 [minmay_the_grid_stretched_grid,
          minmay_the_grid_box_x, minmay_the_grid_doors, minmay_the_grid_fan,
          minmay_the_grid_minigrid_small_alt, minmay_the_grid_eight,
          minmay_the_grid_armoury, minmay_the_grid_mess,
          minmay_the_grid_prize_diamond_cup], layout_rooms, erik_orc_1,
          minmay_misc_feat_five, bloody_makhleb, uniq_nergalle, uniq_fannar
D:12:     layout_irregular_city
D:13:     layout_loops_corners, special_room [special_room_orc],
          portal_ice_cave_entry_pillars_1, corexii_corridor_pit,
          minmay_diced_spiral, uniq_azrael
Temple:   compressed_dpeg_triangle_lava_temple
IceCv:    ice_cave_statue_garden_chambered

Skill      XL: |  1  2  3  4  5  6  7  8  9 10 11 12 |
---------------+-------------------------------------+-----
Armour         | 4 5 6 7 8 11 12 | 12.4
Fighting       | 4 5 6 8 9 11 13 | 13.8
Maces & Flails | 3 4 |  4.0
Shields        | 4 5 6 7 |  7.4
Axes           | 1 3 5 7 10 11 13 | 13.7
Dodging        | 1 2 3 4 |  4.1
Stealth        | 1 |  1.7
Invocations    | 3 4 6 7 |  7.2

Action                   |  1- 3 |  4- 6 |  7- 9 | 10-12 || total
-------------------------+-------+-------+-------+-------++-------
Melee: Flail             |    75 |       |       |     8 ||    83
       Headbutt          |     9 |     7 |    41 |   110 ||   167
       Hand axe          |    16 |    55 |   178 |   465 ||   714
Invok: Draw Destruction  |       |       |       |     1 ||     1
  Use: Scroll            |       |       |    17 |       ||    17
       Potion            |       |       |       |     4 ||     4
Armor: Scale mail        |    29 |     8 |    44 |    20 ||   101
       Plate armour      |       |       |       |   202 ||   202
Dodge: Dodged            |    36 |    22 |    76 |   146 ||   280
Block: Buckler           |    23 |     5 |    36 |    95 ||   159

Table legend: (Time is in decaauts)
 A = Elapsed time spent in this place.
 B = Non-inter-level travel time spent in this place.
 C = Inter-level travel time spent in this place.
 D = Time resting spent in this place.
 E = Time spent auto-exploring this place.
 F = Levels seen in this place.
 G = Mean time per level.
                   A        B        C        D        E       F      G
               +--------+--------+--------+--------+--------+-----+--------+
         Total |  12626 |  12253 |    373 |    637 |   9980 |  15 |  841.7 |
       Dungeon |  12105 |  11752 |    353 |    496 |   9662 |  13 |  931.2 |
        Temple |    340 |    320 |     20 |      0 |    310 |   1 |  340.0 |
      Ice Cave |    180 |    180 |      0 |    141 |      8 |   1 |  180.0 |
               +--------+--------+--------+--------+--------+-----+--------+

Top non-repeatable levels by time:
    D:11: 2603 daAuts
     D:9: 1106 daAuts
     D:8: 1084 daAuts
    D:10: 1051 daAuts
     D:3: 839 daAuts
     D:6: 810 daAuts
     D:2: 751 daAuts
     D:7: 731 daAuts
     D:4: 725 daAuts
    D:12: 717 daAuts
     D:1: 670 daAuts
     D:5: 595 daAuts
    D:13: 417 daAuts
  Temple: 340 daAuts
   IceCv: 180 daAuts
